 Dungeon Crawl Stone Soup version 0.32-a0-931-g5a2cda0630 (webtiles) character file.

Game seed: 555201877116805795

68 Nietzsche the Changeling (level 4, 0/32 HPs)
             Began as a Merfolk Shapeshifter on Apr 14, 2024.
             Slain by a gnoll
             ... wielding a +0 whip
              (3 damage)
             ... on level 3 of the Dungeon.
             The game lasted 00:06:05 (2314 turns).

Nietzsche the Changeling (Merfolk Shapeshifter)     Turns: 2314, Time: 00:06:06

Health: 0/32       AC:  2    Str: 14    XL:     4   Next: 19%
Magic:  6/6        EV: 12    Int: 11    God:
Gold:   135        SH:  0    Dex: 13    Spells: 6/6 levels left

rFire   + . .        o - staff of death
rCold   + . .        (no shield)
rNeg    + . .        a - +0 animal skin
rPois   +            (helmet currently unavailable)
rElec   +            (cloak currently unavailable)
rCorr   +            (gloves currently unavailable)
SInv    .            (boots currently unavailable)
Will    +....        (no amulet)
Stlth   ++           g - ring of willpower
HPRegen 0.25/turn    (no ring)
MPRegen 0.10/turn

%: no passive effects
@: beast-form, resistant
A: beast (slay +2), (nimble swimmer 2), mertail
a: Begin Untransformation


You were on level 3 of the Dungeon.
You were a hulking beast.
You visited 1 branch of the dungeon, and saw 3 of its levels.

You collected 135 gold pieces.

Inventory:

Hand Weapons
 j - a +0 falchion of draining
Armour
 a - a +0 animal skin (worn)
 n - the +0 leather armour of the Bagpipe {rN+}
   (You found it on level 2 of the Dungeon)

   rN+:       It protects you from negative energy.
Magical Staves
 o - a staff of death (weapon)
Jewellery
 g - a ring of willpower (left hand)
 s - a ring of poison resistance
Talismans
 c - a beast talisman (active)
 d - a flux talisman
Scrolls
 b - 2 scrolls of identify {unknown}
 f - 2 scrolls of revelation {unknown}
 h - a scroll of blinking {unknown}
 i - 2 scrolls of summoning {unknown}
 k - a scroll of noise {unknown}
 m - 2 scrolls of vulnerability {unknown}
 p - a scroll of acquirement {unknown}
 q - a scroll of fog {unknown}
Potions
 r - a potion of attraction {unknown}


   Skills:
 + Level 1.2 Fighting
 + Level 3.1 Dodging
 + Level 0.9 Stealth
 + Level 3.8 Unarmed Combat
 * Level 1.8 Spellcasting
 + Level 4.5 Shapeshifting


You had 6 spell levels left.
You didn't know any spells.
Your spell library contained the following spells:

 Spells                   Type           Power      Damage    Failure   Level
 Apportation              Tloc           2%         N/A       30%         1
 Jinxbite                 Hex            2%         N/A       41%         2
 Tukima's Dance           Hex            1%         N/A       65%         3
 Passage of Golubria      Tloc           1%         N/A       96%         4
 Alistair's Intoxication  Alch           0%         N/A       100%        5
 Yara's Violent Unravell  Hex/Alch       0%         3d3       100%        5


Dungeon Overview and Level Annotations

Branches:
Dungeon (3/15)

Altars:
Ashenzari
Ru

Shops:
D:1 :


Innate Abilities, Weirdness & Mutations

You are a hulking beast.
Your limbs bulge with bestial killing power. (Slay +2)
((You are very nimble when in or above water. (Stealth+, EV+, Speed+++)))
Your lower body shifts to a powerful aquatic tail in water.


Message History

A gnoll comes into view. It is wielding a +0 spear.
The gnoll barely misses you.
The gnoll hits you from afar with a +0 spear.
The gnoll hits you from afar with a +0 spear.
The gnoll shouts!
The gnoll hits you from afar with a +0 spear!
The gnoll attacks as it pursues you!
The gnoll hits you from afar with a +0 spear.
The gnoll misses you. x2
The gnoll hits you with a +0 spear!
* * * LOW HITPOINT WARNING * * *
The gnoll hits you from afar with a +0 spear.
* * * LOW HITPOINT WARNING * * *
You feel much better. The gnoll hits you but does no damage.
The gnoll barely misses you. The gnoll hits you but does no damage.
The gnoll attacks as it pursues you! The gnoll hits you with a +0 whip.
* * * LOW HITPOINT WARNING * * *
The gnoll hits you from afar with a +0 spear.
* * * LOW HITPOINT WARNING * * *
The gnoll attacks as it pursues you! The gnoll barely misses you.
You feel much better.
The gnoll hits you from afar with a +0 spear.
The gnoll barely misses you.
The gnoll hits you from afar with a +0 spear.
The gnoll attacks as it pursues you!
The gnoll hits you from afar with a +0 spear.
The gnoll attacks as it pursues you! The gnoll closely misses you.
The gnoll barely misses you.
The gnoll hits you from afar with a +0 spear.
The gnoll hits you with a +0 whip!
* * * LOW HITPOINT WARNING * * *
The gnoll attacks as it pursues you! The gnoll hits you with a +0 whip.
* * * LOW HITPOINT WARNING * * *
The gnoll attacks as it pursues you!
The gnoll hits you from afar with a +0 spear.
* * * LOW HITPOINT WARNING * * *
It was a potion of resistance.
You feel protected. The gnoll hits you with a +0 whip.
You die...

#.# #.#.####### #.#
#.#.# #.# #...# #.#
###.# ############ #.#
#.# #.g..g.....# #.#
#.########.#
#.###g...#####.#
#...g(.###..##g#
#..h..##.....#.#
#.....#......#.#####
#....#####..........
#....#...#...#..###.
......#._.+...#..###.
.......#...#..........
.......#####..........
#.#...#..#.........###.
..##.....##.# #.


You could see 3 gnolls.

Vanquished Creatures
  A gnoll (D:1)
  2 dart slugs (D:1)
  2 ribbon worms (D:2)
  An orc (D:3)
  4 ball pythons
  4 bats
  An endoplasm (D:2)
  3 giant cockroaches
  8 goblins
  4 hobgoblins
  4 quokkas
  5 kobolds
  3 rats (D:1)
42 creatures vanquished.

Notes
Turn   | Place    | Note
-------+----------+-------------------------------------------
     0 | D:1      | Nietzsche the Merfolk Shapeshifter began the quest for the
                  | Orb.
     0 | D:1      | Reached XP level 1. HP: 15/15 MP: 1/1
    62 | D:1      | Found Qiczinim's Vocational Training.
   166 | D:1      | Reached XP level 2. HP: 21/21 MP: 3/3
   197 | D:1      | Reached skill level 1 in Spellcasting
   302 | D:1      | Reached XP level 3. HP: 16/26 MP: 5/5
   344 | D:1      | You fall into a shaft and drop 1 floor!
  1428 | D:2      | Identified the +0 leather armour of the Bagpipe {rN+}
  1497 | D:2      | Reached XP level 4. HP: 11/32 MP: 6/6
  2191 | D:3      | Found a sacrificial altar of Ru.
  2230 | D:3      | Found a broken altar of Ashenzari.
  2314 | D:3      | Slain by a gnoll

Illustrated notes

Levels and vault maps discovered:
D:1:      minmay_arrival_jagged, layout_basic, nicolae_shop_vocational
D:2:      layout_loops_ring
D:3:      layout_loops_ring, nicolae_ashenzari_skybound,
          nicolae_ru_the_path_less_chosen

Skill      XL: |  1  2  3 |
---------------+----------+-----
Spellcasting   | 1 |  1.8
Dodging        | 3 |  3.1
Fighting       | |  1.2
Stealth        | |  0.9
Unarmed Combat | |  3.8
Shapeshifting  | |  4.5

Action                     |  1- 3 |  4- 6 || total
---------------------------+-------+-------++-------
  Melee: Unarmed           |   110 |    14 ||   124
         Punch             |     2 |       ||     2
         Staff             |       |    23 ||    23
    Use: Potion            |     1 |     4 ||     5
 Armour: Animal skin       |    61 |    49 ||   110
         Skin              |     1 |       ||     1
  Dodge: Dodged            |    81 |    31 ||   112

Table legend: (Time is in decaauts)
 A = Elapsed time spent in this place.
 B = Non-inter-level travel time spent in this place.
 C = Inter-level travel time spent in this place.
 D = Time resting spent in this place.
 E = Time spent auto-exploring this place.
 F = Levels seen in this place.
 G = Mean time per level.
                   A        B        C        D        E       F      G
               +--------+--------+--------+--------+--------+-----+--------+
         Total |   2308 |   2308 |      0 |      0 |   1665 |   3 |  769.3 |
       Dungeon |   2308 |   2308 |      0 |      0 |   1665 |   3 |  769.3 |
               +--------+--------+--------+--------+--------+-----+--------+

Top non-repeatable levels by time:
     D:1: 1119 daAuts
     D:2: 767 daAuts
     D:3: 421 daAuts
